 Dungeon Crawl Stone Soup version 0.21-a0-513-gdcb3f5eb25 (webtiles) character file.

3554 RaHiT the Unseen (level 9, -7/57 HPs)
             Began as a Vampire Enchanter on Dec 2, 2017.
             Was a Believer of Dithmenos.
             Mangled by a troll (9 damage)
             ... on level 8 of the Dungeon.
             The game lasted 01:08:19 (9791 turns).

RaHiT the Unseen (Vampire Enchanter)                Turns: 9791, Time: 01:08:20

Health: -7/57      AC:  7    Str:  7    XL:     9   Next: 83%
Magic:  0/25       EV: 13    Int: 18    God:    Dithmenos [**....]
Gold:   273        SH:  0    Dex: 17    Spells: 4/18 levels left

rFire    . . .     SeeInvis +   m - +0 dagger (elec)
rCold    + . .     Gourm    .   (no shield)
rNeg     + + .     Faith    .   b - +0 robe
rPois    +         Spirit   +   a - +0 helmet
rElec    .         Reflect  .   B - +0 cloak
rCorr    .         Harm     .   z - +1 pair of gloves
MR       .....                  f - +0 pair of boots
Stlth    +++++++++.             i - amulet of guardian spirit
HPRegen  0.09/turn              A - ring of magical power
MPRegen  0.19/turn              (no ring)

@: regenerating slowly, wreathed by umbra
A: fangs 3, see invisible, unbreathing
a: Bat Form, Shadow Step, Renounce Religion


You were on level 8 of the Dungeon.
You worshipped Dithmenos.
Dithmenos was pleased with you.
You were thirsty.

You visited 2 branches of the dungeon, and saw 9 of its levels.
You also visited: Sewer.

You collected 453 gold pieces.
You spent 180 gold pieces at shops.

Inventory:

Hand Weapons
 m - a +0 dagger of electrocution (weapon)
Armour
 a - a +0 helmet (worn)
 b - a +0 robe (worn)
 f - a +0 pair of boots (worn)
 z - a +1 pair of gloves (worn)
 B - a +0 cloak (worn)
Jewellery
 i - an amulet of guardian spirit (around neck)
 A - a ring of magical power (left hand)
Wands
 t - a wand of scattershot (7)
Scrolls
 e - 7 scrolls of teleportation
 g - 8 scrolls of remove curse
 h - a scroll of fog
 j - 6 scrolls of blinking
 n - 2 scrolls of fear
 o - 2 scrolls of vulnerability
 u - a scroll of magic mapping
Potions
 d - 2 potions of curing
 k - a potion of brilliance
 l - 14 potions of blood
 p - a potion of might
 q - 4 potions of flight
 r - a potion of invisibility
 s - 2 potions of heal wounds
Books
 c - a book of Maledictions

   Spells                             Type                      Level
   a - Corona                         Hexes                        1
   b - Ensorcelled Hibernation        Hexes/Ice                    2
   c - Confuse                        Hexes                        3
   d - Tukima's Dance                 Hexes                        3
   e - Dazzling Spray                 Conjuration/Hexes            3
 x - a book of Minor Magic

   Spells                             Type                      Level
   a - Magic Dart                     Conjuration                  1
   b - Blink                          Translocation                2
   c - Call Imp                       Summoning                    2
   d - Slow                           Hexes                        2
   e - Conjure Flame                  Conjuration/Fire             3
   f - Mephitic Cloud                 Conjuration/Poison/Air       3


   Skills:
 - Level 3.0 Short Blades
 - Level 2.1 Dodging
 * Level 17.0 Stealth
 - Level 5.0 Spellcasting
 + Level 9.1 Hexes


You had 4 spell levels left.
You knew the following spells:

 Your Spells              Type           Power        Failure   Level  Hunger
a - Corona                Hex            #####..      1%          1    None
b - Ensorcelled Hibernat  Hex/Ice        ###...       3%          2    #......
c - Confuse               Hex            #####...     1%          3    ##.....
d - Tukima's Dance        Hex            #####...     1%          3    ##.....
e - Dazzling Spray        Conj/Hex       ###...       6%          3    ##.....
f - Blink                 Tloc           N/A          21%         2    #......


Dungeon Overview and Level Annotations

Branches:
Dungeon (8/15)             Temple (1/1) D:6
   Lair: D:8-11

Altars:
Ashenzari
Cheibriados
Dithmenos
Fedhas
Gozag
Kikubaaqudgha
Makhleb
Nemelex Xobeh
Okawaru
Qazlal
Ru
Sif Muna
Trog
Uskayaw
Vehumet
Wu Jian
Xom
Yredelemnul
Zin
The Shining One

Shops:
D:5 }   D:7 [


Innate Abilities, Weirdness & Mutations

You heal slowly.
You have razor-sharp teeth.
You have supernaturally acute eyesight. (SInv)
You can survive without breathing.


Message History

Aim: a troll (umbra, chance to defeat MR: 65%)
The troll struggles to resist.
The troll barely misses you. The troll claws you. The troll claws you!
* * * LOW HITPOINT WARNING * * *
You see here a bullfrog skeleton.
Casting: Confuse
Confirm with . or Enter, or press ? or * to list all spells.
Aiming: Confuse
Press: ? - help, Shift-Dir - straight line, f/p - troll
Aim: a troll (umbra, chance to defeat MR: 65%)
The troll appears confused.
The troll completely misses you. The troll claws you.
* * * LOW HITPOINT WARNING * * *
The troll barely misses you.
You hit the troll. Lightning courses through the troll!
The troll is heavily wounded.
The troll bites you.
* * * LOW HITPOINT WARNING * * *
The troll claws you!
You die...

..#. #.# #.#. #.#
#... #.# #.. #.#
#..#####.#
#........######.##
#......รท..........
#.#####.#T####.#.#
#. #.#@# #.#.#
##### #. #.#.#
#.#.# ....# #.
#.#.# #.#.# ....#
#. ####.#.####.#.#
....#
#............[.#.#
....+
............>....#
....#
.###.##.#.##.###
....#####.
#.##.#.##.#
......)# ..
#.##.#.##.######


You could see a troll (confused).

Vanquished Creatures
  Grum (D:8)
  Menkaure (D:7)
  An orc warrior (D:6)
  A water moccasin (D:7)
  7 sky beasts
  2 phantoms
  5 centaurs
  4 wolves (D:8)
  A bullfrog (D:8)
  A scorpion (D:6)
  6 killer bees
  A howler monkey (D:7)
  6 crimson imps
  A centaur zombie (D:6)
  A centaur skeleton (D:7)
  4 jellies (D:8)
  2 hounds (D:4)
  An orc priest (D:8)
  2 iguanas
  2 bullfrog skeletons
  5 orc wizards
  4 worker ants
  A howler monkey zombie (D:7)
  A gnoll (D:2)
  11 adders
  A river rat (D:4)
  2 shadow imps
  10 oozes
  An adder skeleton (D:8)
  An adder zombie (D:5)
  7 worms
  A dart slug (D:4)
  4 leopard geckos
  21 orcs
  17 bats
  11 giant cockroaches
  4 goblins
  7 hobgoblins
  10 jackals
  16 kobolds
  3 quokkas
  3 ball pythons
  6 frilled lizards
  A jackal skeleton (D:6)
  A quokka skeleton (D:6)
  14 rats
213 creatures vanquished.

Vanquished Creatures (others)
  5 toadstools (D:1)
5 creatures vanquished.

Grand Total: 218 creatures vanquished

Notes
Turn   | Place    | Note
-------+----------+-------------------------------------------
     0 | D:1      | RaHiT the Vampire Enchanter began the quest for the Orb.
     0 | D:1      | Reached XP level 1. HP: 13/13 MP: 3/3
   149 | D:1      | Reached skill level 5 in Stealth
   158 | D:1      | Reached XP level 2. HP: 9/19 MP: 3/5
   162 | D:1      | Learned a level 2 spell: Ensorcelled Hibernation
   602 | D:1      | Reached skill level 5 in Hexes
   788 | D:1      | Reached XP level 3. HP: 24/24 MP: 4/6
   793 | D:1      | Learned a level 3 spell: Confuse
   995 | D:2      | Reached skill level 6 in Stealth
  1149 | D:2      | Reached XP level 4. HP: 26/30 MP: 0/7
  1580 | D:2      | Found a shimmering altar of Xom.
  1615 | D:2      | Reached skill level 7 in Stealth
  2249 | D:3      | Found an iron altar of Okawaru.
  2405 | D:3      | Noticed a sky beast
  2652 | D:3      | Reached XP level 5. HP: 35/35 MP: 0/8
  2897 | D:3      | Found an opulent altar of Gozag.
  3024 | D:3      | Reached skill level 8 in Stealth
  3559 | D:4      | Found an iron altar of Okawaru.
  3762 | D:4      | Reached skill level 9 in Stealth
  3762 | D:4      | Reached XP level 6. HP: 41/41 MP: 5/9
  3896 | D:4      | Found a bloodstained altar of Trog.
  4013 | D:4      | Found a glowing drain.
  4023 | Sewer    | Entered a sewer
  5345 | D:4      | Reached skill level 10 in Stealth
  5658 | D:5      | Entered Level 5 of the Dungeon
  5658 | D:5      | Noticed a sky beast
  5661 | D:5      | Killed a sky beast
  5661 | D:5      | Reached XP level 7. HP: 46/46 MP: 10/10
  5736 | D:5      | Reached skill level 11 in Stealth
  5765 | D:5      | Found a burning altar of Makhleb.
  5768 | D:5      | Noticed a cacodemon
  5772 | D:5      | Noticed a hellwing
  5772 | D:5      | Noticed a ynoxinul
  5840 | D:5      | Found a shadowy altar of Dithmenos.
  5845 | D:5      | Became a worshipper of Dithmenos the Shadowed
  5860 | D:5      | Found Fiemmea's Gadget Shop.
  5903 | D:5      | Found a radiant altar of Vehumet.
  6059 | D:5      | Reached skill level 12 in Stealth
  6275 | D:5      | Reached XP level 8. HP: 31/52 MP: 0/13
  6537 | D:6      | Got a brightly glowing spear
  6538 | D:6      | Identified the +1 spear "Xeifreiseot" {elec, rN+ Int+4} (You found it on level 6 of the Dungeon)
  6555 | D:6      | Learned a level 3 spell: Tukima's Dance
  6559 | D:6      | Learned a level 3 spell: Dazzling Spray
  6691 | D:6      | Reached skill level 13 in Stealth
  7250 | D:6      | Found a staircase to the Ecumenical Temple.
  7344 | Temple   | Entered the Ecumenical Temple
  7656 | D:7      | Reached skill level 14 in Stealth
  7807 | D:7      | Found Gigip's Antique Armour Emporium.
  7829 | D:7      | Reached skill level 5 in Spellcasting
  7924 | D:7      | Noticed Menkaure
  7931 | D:7      | Killed Menkaure
  7931 | D:7      | Reached XP level 9. HP: 57/57 MP: 7/16
  8031 | D:6      | Reached * piety under Dithmenos
  8146 | D:7      | Reached skill level 15 in Stealth
  8657 | D:7      | Found a basalt altar of Yredelemnul.
  8700 | D:7      | Bought a pair of runed gloves for 180 gold pieces
  8848 | D:7      | Found a deep blue altar of Sif Muna.
  9000 | D:8      | Noticed Grum
  9020 | D:8      | Reached skill level 16 in Stealth
  9197 | D:8      | Killed Grum
  9259 | D:8      | Found a sparkling altar of Nemelex Xobeh.
  9523 | D:8      | Reached ** piety under Dithmenos
  9525 | D:8      | Reached skill level 17 in Stealth
  9673 | D:8      | Got a polished falchion
  9674 | D:8      | Identified the cursed +1 falchion "Cafruf" {chaos, +Rage rF+ rC- Dex+3} (You found it on level 8 of the Dungeon)
  9688 | D:8      | Learned a level 2 spell: Blink
  9775 | D:8      | Noticed a troll
  9791 | D:8      | HP: 2/57 [troll (6)]
  9791 | D:8      | Mangled by a troll

Vault maps used:
D:1:      ldierk_walled_garden, minmay_bisected
D:2:      tgw_xom
D:3:      nicolae_gozag_seed_capital, okawaru_altar_gauntlet_db
D:4:      lemuel_crystal_altar, marbit_many_paths, first_bread,
          portal_sewer_entry_b, serial_corexii_hall, corexii_hall_statues_i,
          corexii_hall_statues_s
D:5:      makhleb_altar_promises_db, vehumet_altar_wand_db,
          kennysheep_little_box, serial_shops, nicolae_shop_behind_doors
D:6:      minmay_temple_entry_nine_rooms
D:7:      cheibrodos_quashed, minitemple, serial_shops, shop, uniq_menkaure
D:8:      nemelex_xobeh_ov_fountains_minmay, hangedman_little_slice_of_home,
          uniq_grum
Temple:   cyrus_temple_forest
Sewer:    sewer_fruit_machine

Skill      XL: |  1  2  3  4  5  6  7  8  9 |
---------------+----------------------------+-----
Stealth        | 5 6 7 9 10 12 14 17 | 17.0
Hexes          | 5 6 9 |  9.1
Short Blades   | 2 3 |  3.0
Spellcasting   | 3 5 |  5.0
Dodging        | |  2.1

Action                   |  1- 3 |  4- 6 |  7- 9 || total
-------------------------+-------+-------+-------++-------
Melee: Dagger            |   129 |   198 |   230 ||   557
       Bite              |     5 |     8 |    12 ||    25
       Unarmed           |       |    19 |       ||    19
 Cast: Corona            |    16 |     3 |       ||    19
       Ensorcelled Hiber |    10 |    84 |    52 ||   146
       Confuse           |     1 |     2 |    51 ||    54
 Abil: End Transformatio |       |     5 |     1 ||     6
       Bat Form          |       |     5 |     1 ||     6
  Use: Potion            |     8 |     9 |    19 ||    36
       Scroll            |       |     6 |     4 ||    10
 Stab: Sleeping          |    14 |    68 |    39 ||   121
       Confused          |     1 |     2 |    24 ||    27
       Invisible         |       |       |     3 ||     3
       Distracted        |       |       |     2 ||     2
Armor: Robe              |    25 |    79 |    31 ||   135
       Skin              |       |       |     8 ||     8
Dodge: Dodged            |    62 |   212 |   155 ||   429

Table legend:
 A = Spawn XP
 B = Non-spawn XP
 C = Spawn XP percentage of total XP
 D = Spawn monster count
 E = Non-spawn monster count
 F = Spawn count percentage of total count
 G = Total turns spent on level
                    A         B        C        D         E        F      G
               +---------+---------+-------+---------+---------+-------+---------
         Total |       0 |    5078 |   0.0 |       0 |     213 |   0.0 |  9791
               +---------+---------+-------+---------+---------+-------+---------
           D:1 |       0 |      42 |   0.0 |       0 |      25 |   0.0 |   893
           D:2 |       0 |     116 |   0.0 |       0 |      24 |   0.0 |  1465
           D:3 |       0 |     117 |   0.0 |       0 |      25 |   0.0 |  1175
           D:4 |       0 |     296 |   0.0 |       0 |      30 |   0.0 |  1419
           D:5 |       0 |     903 |   0.0 |       0 |      15 |   0.0 |   798
           D:6 |       0 |     898 |   0.0 |       0 |      17 |   0.0 |  1202
           D:7 |       0 |    1391 |   0.0 |       0 |      29 |   0.0 |  1156
           D:8 |       0 |    1225 |   0.0 |       0 |      22 |   0.0 |   887
         Sewer |       0 |      90 |   0.0 |       0 |      26 |   0.0 |   706
               +---------+---------+-------+---------+---------+-------+---------
